 Dungeon Crawl Stone Soup version 0.32-a0-876-gcfddb08e57 (webtiles) character file.

Game seed: 11037967581227130757

3407 Fractals the Fighter (level 9, -1/90 HPs)
             Began as a Mountain Dwarf Monk on Mar 31, 2024.
             Was an Elder of Zin.
             Succumbed to a killer bee's poison
             ... on level 8 of the Dungeon.
             The game lasted 00:24:49 (9417 turns).

Fractals the Fighter (Mountain Dwarf Monk)          Turns: 9417, Time: 00:24:49

Health: -1/90      AC: 11    Str: 16    XL:     9   Next: 75%
Magic:  12/12      EV: 11    Int: 11    God:    Zin [****..]
Gold:   99         SH:  0    Dex: 14    Spells: 8/8 levels left

rFire   . . .        s - +1 flail
rCold   + . .        d - orb {light}
rNeg    . . .        w - +3 ring mail {rC+}
rPois   .            (no helmet)
rElec   .            n - +0 cloak
rCorr   .            (no gloves)
SInv    .            f - +0 pair of boots
Will    .....        b - amulet of the acrobat
Stlth   +            (no ring)
HPRegen 0.35/turn    (no ring)
MPRegen 0.13/turn

%: acrobat
@: lethally poisoned (-1 -> -8), glowing
A: runic magic, artefact enchanting
a: Renounce Religion, Recite, Vitalisation, Imprison, Donate Gold


You were on level 8 of the Dungeon.
You worshipped Zin.
Zin was greatly pleased with you.
You visited 2 branches of the dungeon, and saw 11 of its levels.

You collected 401 gold pieces.
You donated 302 gold pieces to Zin.

Inventory:

Hand Weapons
 j - a +0 hand axe
 s - a +1 flail (weapon)
Armour
 d - an orb of light (worn)
 f - a +0 pair of boots (worn)
 n - a +0 cloak (worn)
 w - a +3 ring mail of cold resistance (worn)
Jewellery
 b - an amulet of the acrobat (around neck)
Wands
 a - a wand of mindburst (10)
 p - a wand of warping (14)
 u - a wand of digging (2)
Scrolls
 h - a scroll of enchant armour
 k - 2 scrolls of revelation
 q - a scroll of enchant weapon
 r - 4 scrolls of identify
Potions
 e - a potion of haste
 l - 5 potions of curing


   Skills:
 + Level 12.2 Fighting
 - Level 5.0 Maces & Flails
 + Level 5.3 Armour
 - Level 4.5 Dodging
 - Level 5.0 Invocations


You had 8 spell levels left.
You didn't know any spells.
Your spell library contained the following spells:

 Spells                   Type           Power      Damage    Failure   Level
 Mercury Vapours          Alch/Air       0%         N/A       52%         2
 Call Canine Familiar     Summ           0%         N/A       77%         3
 Mephitic Cloud           Conj/Alch/Air  0%         N/A       77%         3
 Sigil of Binding         Hex            0%         N/A       77%         3
 Tukima's Dance           Hex            0%         N/A       77%         3
 Dimensional Bullseye     Hex/Tloc       0%         N/A       99%         4
 Passage of Golubria      Tloc           0%         N/A       99%         4
 Freezing Cloud           Conj/Ice/Air   0%         6-21      100%        5
 Yara's Violent Unravell  Hex/Alch       0%         3d3       100%        5


Dungeon Overview and Level Annotations

Branches:
Dungeon (10/15)            Temple (1/1) D:4
   Lair: D:8-11         Orc: D:9-12

Altars:
Ashenzari
Cheibriados
Dithmenos
Fedhas
Gozag
Hepliaklqana
Kikubaaqudgha
Okawaru
Qazlal
Ru
Sif Muna
Trog
Uskayaw
Vehumet
Wu Jian
Xom
Yredelemnul
Zin
The Shining One

Shops:
D:1 (?   D:2 [

Portals:
Abyss: D:7

Annotations:
D:3 1 runed translucent door, Crazy Yiuf
D:7 2 transporters, greenreed's ghost, novice CoHu


Innate Abilities, Weirdness & Mutations

Your spellcasting is much less encumbered by armour.
You can use scrolls of enchantment on lesser artefacts.


Message History

* * * LOW HITPOINT WARNING * * *
You thump the yak!
The yak is severely wounded.
You feel sick.
You are no longer poisoned.
The killer bee stings your butterfly.
Your butterfly dies!
Your butterfly disappears in a burst of colours!
The killer bee barely misses your butterfly.
The yak completely misses you.
You hit the yak.
The yak is severely wounded.
The killer bee misses your butterfly. The yak barely misses you.
The killer bee stings your butterfly!
Your butterfly dies!
Your butterfly disappears in a burst of colours!
You hit the yak.
The yak is severely wounded.
The killer bee stings you but does no damage.
The yak gores you.
* * * LOW HITPOINT WARNING * * *
Unknown command.
You feel that Zin will soon be greatly pleased with you.
The killer bee barely misses you. The killer bee closely misses you.
The yak gores you! Zin protects you from harm!
You hit the yak but do no damage.
The yak is severely wounded.
The killer bee barely misses you.
The killer bee stings you but does no damage.
The yak gores you!
* * * LOW HITPOINT WARNING * * *
The killer bee stings you.
* * * LOW HITPOINT WARNING * * *
You are lethally poisoned!
The killer bee poisons you!
Unknown command.
You hit the yak.
The yak is severely wounded.
You die...

#########
#######.b.bb..#
.......Y.>#
####D#.#.#
#Y#Y#b# #@#.#Y#
#y#Y#Y# #Y#Y#.#
#y#.#.#
##y#.#.# #%...#
#.#### #. .#


You could see 2 yaks, a steam dragon and 3 killer bees.

Vanquished Creatures
  Joseph (D:7)
  Grinder (D:3)
  Prince Ribbit (D:5)
  Sigmund (D:2)
  3 water moccasins
  An orc warrior (D:6)
  A black bear (D:5)
  2 ice beasts
  A sky beast (D:7)
  2 ogres (D:6)
  3 phantoms
  2 bullfrogs
  A gnoll sergeant (D:9)
  A scorpion (D:5)
  5 killer bees (D:10)
  2 bombardier beetles
  2 gnoll boudas
  2 jellies
  2 orc priests
  2 hounds (D:6)
  A sleepcap (D:3)
  2 iguanas
  5 orc wizards
  14 gnolls
  7 adders
  3 white imps
  2 ufetubi (D:6)
  2 dart slugs
  5 ribbon worms
  25 orcs
  10 bats
  5 endoplasms
  3 giant cockroaches
  8 hobgoblins
  7 jackals
  7 quokkas
  7 ball pythons
  4 frilled lizards
  5 goblins
  6 kobolds
  4 rats
168 creatures vanquished.

Vanquished Creatures (others)
  A ball python (D:3)
1 creature vanquished.

Grand Total: 169 creatures vanquished

Notes
Turn   | Place    | Note
-------+----------+-------------------------------------------
     0 | D:1      | Fractals the Mountain Dwarf Monk began the quest for the
                  | Orb.
     0 | D:1      | Reached XP level 1. HP: 19/19 MP: 1/1
   155 | D:1      | Found Ritzefay's Magic Scroll Shoppe.
   184 | D:1      | Reached XP level 2. HP: 26/26 MP: 2/2
   294 | D:1      | Found Jimumma's Antique Weapon Shop.
   797 | D:2      | Reached XP level 3. HP: 30/33 MP: 3/3
   960 | D:2      | Found Liedeod's Antique Armour Boutique.
  1066 | D:2      | Reached skill level 4 in Fighting
  1178 | D:2      | Reached XP level 4. HP: 26/41 MP: 4/4
  1387 | D:2      | Noticed Sigmund
  1648 | D:1      | Reached skill level 1 in Armour
  2007 | D:2      | Killed Sigmund
  2008 | D:2      | Reached skill level 5 in Fighting
  2008 | D:2      | Reached XP level 5. HP: 30/50 MP: 0/5
  2008 | D:2      | Reached XP level 6. HP: 34/57 MP: 0/6
  2491 | D:3      | Found a faded altar of an unknown god.
  2636 | D:3      | Reached skill level 6 in Fighting
  2798 | D:3      | Found a runed translucent door.
  2799 | D:3      | Noticed Crazy Yiuf
  2855 | D:4      | Noticed Grinder
  2874 | D:3      | Paralysed by Grinder for 3 turns
  2888 | D:3      | Paralysed by Grinder for 5 turns
  2918 | D:3      | Killed Grinder
  2919 | D:3      | Reached skill level 7 in Fighting
  2919 | D:3      | Reached skill level 5 in Maces & Flails
  2919 | D:3      | Reached XP level 7. HP: 11/66 MP: 7/7
  4359 | D:4      | Found a radiant altar of Vehumet.
  4462 | D:4      | Found a staircase to the Ecumenical Temple.
  4474 | Temple   | Entered the Ecumenical Temple
  4489 | Temple   | Became a worshipper of Zin the Law-Giver
  4489 | Temple   | Reached * piety under Zin
  4489 | Temple   | Reached ** piety under Zin
  4691 | D:5      | Entered Level 5 of the Dungeon
  4695 | D:5      | Reached skill level 8 in Fighting
  4732 | D:5      | Reached *** piety under Zin
  4950 | D:5      | Found a shadowy altar of Dithmenos.
  4978 | D:5      | Found a hide-covered altar of Uskayaw.
  4985 | D:5      | Identified the +4 robe "Zit Xor" {Regen+ rCorr Archmagi}
  5004 | D:5      | Reached XP level 8. HP: 57/75 MP: 8/8
  5384 | D:5      | Reached skill level 9 in Fighting
  5842 | D:5      | Noticed Prince Ribbit
  5899 | D:5      | Killed Prince Ribbit
  5900 | D:5      | Reached skill level 10 in Fighting
  6055 | D:5      | Reached **** piety under Zin
  6872 | D:6      | Reached skill level 1 in Invocations
  6872 | D:6      | Reached XP level 9. HP: 86/86 MP: 8/10
  7238 | D:7      | Reached skill level 11 in Fighting
  7479 | D:6      | Donated 161 gold pieces to Zin
  7589 | D:7      | Found a transporter.
  7602 | D:7      | Noticed greenreed's ghost (novice CoHu)
  7633 | D:7      | Found a transporter.
  7996 | D:7      | Found a one-way gate to the infinite horrors of the Abyss.
  8016 | D:7      | Noticed Joseph
  8033 | D:7      | Killed Joseph
  8034 | D:7      | Reached skill level 5 in Invocations
  8496 | D:8      | You fall into a shaft and drop 2 floors!
  8496 | D:10     | Entered Level 10 of the Dungeon
  8550 | D:10     | Reached skill level 12 in Fighting
  8636 | D:10     | Reached skill level 5 in Armour
  8835 | D:10     | Found an ornate altar of the Wu Jian Council.
  9415 | D:8      | Donated 101 gold pieces to Zin
  9415 | D:8      | Zin protects you from harm!
  9416 | D:8      | HP: 2/90 [yak (9)]
  9417 | D:8      | Succumbed to a killer bee's poison

Illustrated notes

Levels and vault maps discovered:
D:1:      hellmonk_arrival_library, layout_loops_ring, serial_shops, shop, shop
D:2:      layout_basic, serial_shops, shop, nicolae_the_louvre, uniq_sigmund
D:3:      layout_rooms, ebering_ecumenical_altar_sacrificial,
          uniq_crazy_yiuf_cottage
D:4:      layout_cave_pools, general_overflow_altar,
          minmay_temple_entry_glassed_door, serial_column_ruins,
          column_ruins_corridor_straight, column_ruins_open_large,
          column_ruins_grid_1, column_ruins_columns_straight, glass_columns_c,
          uniq_grinder
D:5:      layout_gridville, nicolae_uskayaw_murder_on_the_dancefloor,
          nicolae_overflow_crystal_walls, chequers_serial_rivers_micro_c,
          uniq_prince_ribbit1
D:6:      layout_basic
D:7:      layout_cave_pools, gammafunk_ghost_abyssal_escape, uniq_joseph
D:8:      layout_basic
D:9:      layout_loops_corners, zombieorc2_lemuel, kennysheep_generic_room_8
D:10:     layout_basic, mainiacjoe_overflow_chevrons, minitemple,
          mainiacjoe_overflow_24_doors, lair_entry_dummy, enter_bailey_3,
          serial_bayou_lake_a, uniq_snorg
Temple:   hellmonk_temple_of_storms

Skill      XL: |  1  2  3  4  5  6  7  8  9 |
---------------+----------------------------+-----
Maces & Flails | 4 5 |  5.0
Fighting       | 4 5 7 8 10 12 | 12.2
Dodging        | 3 4 |  4.5
Armour         | 3 5 |  5.3
Invocations    | 1 5 |  5.0

Action                     |  1- 3 |  4- 6 |  7- 9 || total
---------------------------+-------+-------+-------++-------
  Melee: Mace              |   111 |   154 |    39 ||   304
         Flail             |       |       |   478 ||   478
  Throw: Throwing net      |       |       |     1 ||     1
 Invoke: Donate Gold       |       |       |     2 ||     2
         Vitalisation      |       |       |     1 ||     1
  Evoke: Wand              |       |       |     6 ||     6
    Use: Scroll            |       |     4 |     8 ||    12
         Potion            |       |     4 |     3 ||     7
 Armour: Robe              |     8 |       |       ||     8
         Chain mail        |    95 |   182 |   519 ||   796
         Skin              |       |    10 |       ||    10
         Ring mail         |       |       |    97 ||    97
  Dodge: Dodged            |    45 |    64 |   308 ||   417

Table legend: (Time is in decaauts)
 A = Elapsed time spent in this place.
 B = Non-inter-level travel time spent in this place.
 C = Inter-level travel time spent in this place.
 D = Time resting spent in this place.
 E = Time spent auto-exploring this place.
 F = Levels seen in this place.
 G = Mean time per level.
                   A        B        C        D        E       F      G
               +--------+--------+--------+--------+--------+-----+--------+
         Total |   9559 |   9245 |    314 |   3541 |   3539 |  11 |  869.0 |
       Dungeon |   9528 |   9243 |    285 |   3541 |   3539 |  10 |  952.8 |
        Temple |     30 |      1 |     29 |      0 |      0 |   1 |   30.0 |
               +--------+--------+--------+--------+--------+-----+--------+

Top non-repeatable levels by time:
     D:5: 1967 daAuts
     D:3: 1380 daAuts
     D:1: 1266 daAuts
     D:2: 1098 daAuts
     D:7: 1032 daAuts
     D:4: 998 daAuts
     D:6: 842 daAuts
     D:9: 505 daAuts
    D:10: 396 daAuts
     D:8: 39 daAuts
  Temple: 30 daAuts
